 Dungeon Crawl Stone Soup version 0.30-a0-1053-gbd8d5ba0ad (webtiles) character file.

Game seed: 5228156062223209957

44 BlueFish the Grasshopper (level 3, -6/24 HPs)
             Began as an Octopode Warper on Apr 11, 2023.
             Mangled by an orc
             ... wielding a +0 trident
              (8 damage)
             ... on level 3 of the Dungeon.
             The game lasted 00:02:38 (1167 turns).

BlueFish the Grasshopper (Octopode Warper)          Turns: 1167, Time: 00:02:38

Health: -6/24      AC:  1    Str: 10 (12) XL:     3   Next: 62%
Magic:  5/6        EV: 13    Int: 14 (15) God:
Gold:   71         SH:  0    Dex:  8 (11) Spells: 1/6 levels left

rFire   . . .      SeeInvis .      - Unarmed
rCold   . . .      Faith    .    (no shield)
rNeg    . . .      Spirit   .    (helmet currently unavailable)
rPois   .          Reflect  .    (no amulet)
rElec   .          Rampage  .    (no ring)
rCorr   .                        (no ring)
Will    .....                    (no ring)
Stlth   +++                      (no ring)
HPRegen 0.24/turn                (no ring)
MPRegen 0.10/turn                (no ring)
                                 (no ring)
                                 (no ring)

@: appendages (expiring)
A: tentacle spike 3, almost no armour, amphibious, 8 rings, camouflage 1,
gelatinous body 1, (nimble swimmer 1), tentacles
a: End Transformation


You were on level 3 of the Dungeon.
One of your tentacles had grown a beastly spike.
You visited 1 branch of the dungeon, and saw 3 of its levels.

You collected 71 gold pieces.

Inventory:

Missiles
 b - 7 boomerangs of dispersal
 e - 2 curare-tipped darts
 f - 14 stones (quivered)
Scrolls
 a - 4 scrolls of blinking
 c - 2 scrolls of immolation {unknown}
 d - 2 scrolls of identify {unknown}
 g - a scroll of vulnerability {unknown}
 i - 3 scrolls of amnesia {unknown}
 k - a scroll of brand weapon {unknown}
Potions
 j - a potion of haste


   Skills:
 + Level 2.1 Fighting
 + Level 1.3 Throwing
 + Level 2.6 Dodging
 * Level 1.9 Stealth
 + Level 2.2 Unarmed Combat
 + Level 2.2 Spellcasting
 + Level 3.2 Translocations
 * Level 0.8 Transmutations


You had one spell level left.
You knew the following spells:

 Your Spells              Type           Power      Damage    Failure   Level
a - Beastly Appendage     Tmut           6%         N/A       17%         1
b - Blink                 Tloc           20%        N/A       10%         2
c - Lesser Beckoning      Tloc           20%        N/A       10%         2

Your spell library contained the following spells:

 Spells                   Type           Power      Damage    Failure   Level
 Teleport Other           Tloc           10%        N/A       19%         3
 Cigotuvi's Dreadful Rot  Necr/Pois/Air  2%         N/A       34%         2
 Vhi's Electric Charge    Tloc/Air       12%        N/A       36%         3
 Manifold Assault         Tloc           10%        N/A       52%         4
 Mephitic Cloud           Conj/Pois/Air  1%         N/A       56%         3
 Blade Hands              Tmut           1%         N/A       99%         5


Dungeon Overview and Level Annotations

Branches:
Dungeon (3/15)

Altars:

Shops:
D:2 (


Innate Abilities, Weirdness & Mutations

One of your tentacles has grown a beastly spike.
You cannot wear most types of armour.
You are amphibious.
You can wear up to eight rings at the same time.
Your skin changes colour to match your surroundings (Stealth+).
Your rubbery body absorbs attacks. (AC +1, EV +1)
((You are camouflaged when in or above water. (Stealth+)))
You have tentacles for arms and can constrict up to eight enemies at once.


Message History

Casting: Beastly Appendage (safe; 16% risk of failure)
Confirm with . or Enter, or press ? or * to list all spells.
One of your tentacles grows a vicious spike.
You tentacle-slap the hobgoblin. Your grab misses the hobgoblin.
Your tentacle spike misses the hobgoblin.
The hobgoblin is moderately wounded.
The hobgoblin barely misses you.
You barely miss the hobgoblin. Your grab misses the hobgoblin.
Your squeeze misses the hobgoblin.
The hobgoblin is moderately wounded.
You feel yourself slow down.
You tentacle-slap the hobgoblin. You grab the hobgoblin.
The hobgoblin is severely wounded.
You constrict the hobgoblin, but do no damage.
The hobgoblin hits you.
* * * LOW HITPOINT WARNING * * *
It was a potion of degeneration.
There was something very wrong with that liquid.
You feel weakened.
You feel dopey.
You feel clumsy.
Your transformation is almost over.
You constrict the hobgoblin.
You kill the hobgoblin!
You tentacle-slap the orc but do no damage.
Your grab misses the orc.
Your tentacle spike misses the orc.
The orc closely misses you. The orc misses you.
You barely miss the orc. You grab the orc.
You constrict the orc, but do no damage.
The orc hits you with a +0 whip.
* * * LOW HITPOINT WARNING * * *
The orc barely misses you.
You tentacle-slap the orc.
You pierce the orc.
You kill the orc!
The orc completely misses you. The orc misses you.
Items here: ) [ ††.
You tentacle-slap the orc. Your grab misses the orc.
Your tentacle spike misses the orc.
Your squeeze misses the orc.
The orc is moderately wounded.
The orc hits you with a +0 trident!
You die...

#...##.## #.#..o###########
#....o..####.......#
#...##o............#####
##..##.##########..##..
...$.b..o.# #..##.#
.##.###.#o########..##.#####
...#.##...............#
#.###.##<#####.........#
###.###.##@# ##.##.##..#
........##o# #....# #
.>>....#...# ###..#
.......g#### #..# ........
#..# ........ #..# ......w#
#... ....... #...# #l#####
....#


You could see an orc.

Vanquished Creatures
  2 dart slugs
  4 orcs (D:3)
  6 bats
  A giant cockroach (D:1)
  4 goblins
  4 hobgoblins
  2 jackals (D:1)
  3 kobolds
  A quokka (D:2)
  3 ball pythons
  2 frilled lizards
  A rat (D:1)
33 creatures vanquished.

Notes
Turn   | Place    | Note
-------+----------+-------------------------------------------
     0 | D:1      | BlueFish the Octopode Warper began the quest for the Orb.
     0 | D:1      | Reached XP level 1. HP: 14/14 MP: 3/3
    64 | D:1      | Got the Incunable of Metamorphosis and the Bane
    70 | D:1      | Learned a level 1 spell: Beastly Appendage
   176 | D:1      | Reached skill level 1 in Stealth
   176 | D:1      | Reached XP level 2. HP: 13/19 MP: 5/5
   180 | D:1      | Learned a level 2 spell: Blink
   183 | D:1      | Learned a level 2 spell: Lesser Beckoning
   895 | D:2      | Reached XP level 3. HP: 21/24 MP: 6/6
   989 | D:2      | Found Pets's Antique Weapon Shop.
  1058 | D:2      | Noticed a scorpion
  1167 | D:3      | Mangled by an orc

Illustrated notes

Levels and vault maps discovered:
D:1:      noname_arrival_rooms_in_the_neighbourhood, layout_loops_cross,
          minmay_pentomino_o4
D:2:      layout_rooms, serial_glass, glass_columns_a, glass_columns_b,
          serial_shops, nicolae_shop_stone
D:3:      layout_loops_ring, minitemple, uniq_grinder, uniq_sigmund

Skill      XL: |  1 |
---------------+----+-----
Stealth        | 1 |  1.9
Fighting       | |  2.1
Throwing       | |  1.3
Dodging        | |  2.6
Unarmed Combat | |  2.2
Spellcasting   | |  2.2
Translocations | |  3.2
Transmutations | |  0.8

Action                     || total
---------------------------++-------
  Melee: Unarmed           ||    88
         Constrict         ||    20
         Tentacles         ||    17
         Punch             ||     1
         Kick              ||     4
   Cast: Beastly Appendage ||     2
    Use: Potion            ||     2
   Stab: Sleeping          ||     8
 Armour: Skin              ||    10
  Dodge: Dodged            ||    51

Table legend: (Time is in decaauts)
 A = Elapsed time spent in this place.
 B = Non-inter-level travel time spent in this place.
 C = Inter-level travel time spent in this place.
 D = Time resting spent in this place.
 E = Time spent auto-exploring this place.
 F = Levels seen in this place.
 G = Mean time per level.
                   A        B        C        D        E       F      G
               +--------+--------+--------+--------+--------+-----+--------+
         Total |   1148 |   1052 |     96 |      0 |    803 |   3 |  382.7 |
       Dungeon |   1148 |   1052 |     96 |      0 |    803 |   3 |  382.7 |
               +--------+--------+--------+--------+--------+-----+--------+

Top non-repeatable levels by time:
     D:1: 867 daAuts
     D:2: 191 daAuts
     D:3: 89 daAuts
